 Dungeon Crawl Stone Soup version 0.30-a0-830-gfe289a77b0 (webtiles) character file.

Game seed: 10466848759531409734

36 bande the Covered (level 3, -2/23 HPs)
             Began as a Gargoyle Fighter on Feb 28, 2023.
             Was an Initiate of Okawaru.
             Slain by an orc
             ... wielding a +0 falchion
              (7 damage)
             ... on level 3 of the Dungeon on Mar 1, 2023.
             The game lasted 00:02:58 (1095 turns).

bande the Covered (Gargoyle Fighter)                Turns: 1095, Time: 00:02:59

Health: -2/23      AC: 11    Str: 19    XL:     3   Next: 37%
Magic:  3/3        EV:  9    Int:  8    God:    Okawaru [......]
Gold:   65         SH:  4    Dex: 11    Spells: 2/2 levels left

rFire   . . .      SeeInvis +    a - +0 war axe
rCold   . . .      Faith    .    c - +0 buckler
rNeg    + . .      Spirit   .    b - +0 scale mail
rPois   ∞          Reflect  .    (no helmet)
rElec   +          Harm     .    (no cloak)
rCorr   .          Rampage  .    k - +0 pair of gloves
Will    .....                    (no boots) Stlth
                                 (no amulet)
HPRegen 0.23/turn                f - ring of see invisible
MPRegen 0.08/turn                (no ring)

@: no status effects
A: sickness immunity, AC +3, negative energy resistance 1, electricity
resistance, torment resistance 1, petrification resistance
a: Renounce Religion


You were on level 3 of the Dungeon.
You worshipped Okawaru.
Okawaru was noncommittal.
You visited 1 branch of the dungeon, and saw 4 of its levels.

You collected 65 gold pieces.

Inventory:

Hand Weapons
 a - a +0 war axe (weapon)
Armour
 b - a +0 scale mail (worn)
 c - a +0 buckler (worn)
 k - a +0 pair of gloves (worn)
Jewellery
 f - a ring of see invisible (left hand)
Scrolls
 j - a scroll of acquirement {unknown}
 l - a scroll of noise {unknown}
 o - 2 scrolls of identify {unknown}
 p - a scroll of blinking {unknown}
 q - a scroll of poison {unknown}
Potions
 d - a potion of might
 e - a potion of berserk rage {unknown}
 g - a potion of resistance {unknown}
 h - 2 potions of curing {unknown}
 i - a potion of ambrosia {unknown}
 m - 2 potions of brilliance {unknown}
 n - a potion of heal wounds {unknown}


   Skills:
 + Level 3.6 Fighting
 + Level 2.4 Axes
 + Level 3.6 Armour
 - Level 0.2 Dodging
 + Level 3.5 Shields


You had 2 spell levels left.
You didn't know any spells.
Your spell library was empty.

Dungeon Overview and Level Annotations

Branches:
Dungeon (4/15)
 Temple: D:4-7

Altars:
Okawaru

Shops:
D:2 =


Innate Abilities, Weirdness & Mutations

You are immune to sickness and miasma.
Your stone body is resilient. (AC +3)
You are immune to poison.
You resist negative energy. (rN+)
You are resistant to electric shocks. (rElec)
You are resistant to unholy torment.
You are immune to petrification.


Message History

An orc is nearby!
An orc priest comes into view. It is wielding a +0 flail.
The orc priest shouts!
An orc priest comes into view. It is wielding a +0 flail.
The orc priest shouts!
You hear a shout!
The orc priest mumbles some strange prayers to Beogh against you.
Beogh smites you!
A hobgoblin comes into view.
The hobgoblin shouts!
You hear a shout!
An orc wizard comes into view. It is wielding a +0 dagger.
The orc priest looks satisfied for a moment.
The orc closely misses you.
The hobgoblin moves out of view.
You barely miss the orc. The orc hits you but does no damage.
You closely miss the orc priest. You closely miss the orc.
The orc hits you but does no damage. The orc priest barely misses you.
You barely miss the orc priest. You hit the orc but do no damage.
The orc closely misses you.
The orc priest hits you with a +0 flail.
A kobold comes into view. It is wielding a +4 dagger.
The orc priest misses you. The orc hits you but does no damage.
You are too injured to fight recklessly!
You are too injured to fight recklessly!
You are too injured to fight recklessly!
You are too injured to fight recklessly!
You are too injured to fight recklessly!
You are too injured to fight recklessly!
You are too injured to fight recklessly!
You are too injured to fight recklessly!
You slash the orc priest!
The orc priest is severely wounded.
You hit the orc. The orc hits you with a +0 falchion.
The orc priest invokes the aid of Beogh against you.
Pain shoots through your body!
* * * LOW HITPOINT WARNING * * *
The orc wizard casts a spell.
The orc wizard flickers and vanishes for a moment.
You barely miss the orc priest.
The orc priest is severely wounded.
You hit the orc but do no damage. The orc hits you with a +0 falchion!
You die...

..... #....##
..... #.....
...... #...#
..).. #...#
#..###..# ##..
#.).....##.....
##.............
###>##.###....
#..##@# ..
#..###oo# #..#
##o# #.# o# ..
g. .. .K# ...
... ##..


You could see 2 orc priests, an orc wizard (invisible), an orc, a hobgoblin and
a kobold.

Vanquished Creatures
  A worm (D:2)
  A dart slug (D:4)
  3 ball pythons (D:1)
  2 endoplasms (D:1)
  3 giant cockroaches (D:1)
  2 hobgoblins
  2 jackals (D:1)
  2 kobolds (D:1)
  A quokka (D:1)
  A bat (D:1)
  3 frilled lizards
  4 goblins (D:1)
  3 rats (D:1)
28 creatures vanquished.

Notes
Turn   | Place    | Note
-------+----------+-------------------------------------------
     0 | D:1      | bande the Gargoyle Fighter began the quest for the Orb.
     0 | D:1      | Reached XP level 1. HP: 14/14 MP: 1/1
    33 | D:1      | Reached XP level 2. HP: 18/19 MP: 2/2
   404 | D:1      | Reached XP level 3. HP: 23/23 MP: 3/3
   922 | D:2      | Found Anuide's Jewellery Shop.
   927 | D:2      | You fall into a shaft and drop 2 floors!
   965 | D:4      | Found an iron altar of Okawaru.
   973 | D:4      | Became a worshipper of Warmaster Okawaru
  1095 | D:3      | Slain by an orc

Illustrated notes

Levels and vault maps discovered:
D:1:      dpeg_arrival_long_road, layout_basic
D:2:      layout_basic, serial_shops, nicolae_shop_window_shopping,
          uniq_crazy_yiuf_cottage
D:3:      layout_rooms, nicolae_overflow_two_pavilions, gammafunk_ghost_grave,
          uniq_natasha, uniq_terence, uniq_ijyb
D:4:      kennysheep_goblin_castle, layout_layer_cave,
          mainiacjoe_overflow_tiny_flanked

Skill      XL: |  1  2 |
---------------+-------+-----
Axes           | 2 |  2.4
Fighting       | |  3.6
Armour         | |  3.6
Dodging        | |  0.2
Shields        | |  3.5

Action                     || total
---------------------------++-------
  Melee: War axe           ||    71
    Use: Scroll            ||     2
 Armour: Scale mail        ||    38
  Dodge: Dodged            ||    40
  Block: Buckler           ||    18

Table legend: (Time is in decaauts)
 A = Elapsed time spent in this place.
 B = Non-inter-level travel time spent in this place.
 C = Inter-level travel time spent in this place.
 D = Time resting spent in this place.
 E = Time spent auto-exploring this place.
 F = Levels seen in this place.
 G = Mean time per level.
                   A        B        C        D        E       F      G
               +--------+--------+--------+--------+--------+-----+--------+
         Total |   1124 |   1083 |     41 |      0 |    819 |   4 |  281.0 |
       Dungeon |   1124 |   1083 |     41 |      0 |    819 |   4 |  281.0 |
               +--------+--------+--------+--------+--------+-----+--------+

Top non-repeatable levels by time:
     D:1: 844 daAuts
     D:4: 159 daAuts
     D:2: 107 daAuts
     D:3: 12 daAuts
